 Dungeon Crawl Stone Soup version 0.23.1 (webtiles) character file.

Game seed: 18428057892427251826

2608 Hasart the Destroyer (level 9, -2/76 HPs)
             Began as a Deep Elf Fire Elementalist on Mar 8, 2019.
             Was a Believer of Sif Muna.
             Slain by Harold
             ... wielding a +7 hand axe of electrocution
              (12 damage)
             ... on level 7 of the Dungeon.
             The game lasted 00:17:22 (7093 turns).

Hasart the Destroyer (Deep Elf Fire Elementalist)   Turns: 7093, Time: 00:17:23

Health: -2/76      AC: 24    Str:  9    XL:     9   Next: 34%
Magic:  2/22       EV:  2    Int: 29    God:    Sif Muna [**....]
Gold:   192        SH:  0    Dex: 18    Spells: 13/23 levels left

rFire    + . .     SeeInvis .   B - +9 whip "Bafaot" {drain, rPois Str+4 Dex+3}
rCold    x . .     Gourm    .   (no shield)
rNeg     + + +     Faith    .   (armour currently unavailable)
rPois    +         Spirit   .   (helmet currently unavailable)
rElec    .         Reflect  .   (cloak currently unavailable)
rCorr    .         Harm     .   (gloves currently unavailable)
MR       +....     NoTele   +   (boots currently unavailable)
Stlth    ++........             (no amulet)
HPRegen  0.22/turn              C - ring of Rivuocu {rN+ MR+ Int+5}
MPRegen  0.18/turn              D - ring of fire

@: tree-form, marked
A: no striking features
a: Divine Energy, Renounce Religion


You were on level 7 of the Dungeon.
You worshipped Sif Muna.
Sif Muna was pleased with you.
You were hungry.
You were a tree.
You visited 1 branch of the dungeon, and saw 7 of its levels.
You also visited: Ossuary.

You collected 402 gold pieces.
You spent 210 gold pieces at shops.

Inventory:

Hand Weapons
 z - the +1 mace "Fomnus" {freeze, rC+}
   (You found it on level 4 of the Dungeon)

   It has been specially enchanted to freeze those struck by it, causing extra
   injury to most foes and up to half again as much damage against particularly
   susceptible opponents.
   It can also slow down cold-blooded creatures.
   It protects you from cold.
 B - the +9 whip "Bafaot" (weapon) {drain, rPois Str+4 Dex+3}
   (You found it on level 6 of the Dungeon)

   A truly terrible weapon, it drains the life of those it strikes.
   It affects your strength (+4).
   It affects your dexterity (+3).
   It protects you from poison.
Armour
 a - a +0 robe (melded)
 l - a scarf of cloud immunity (melded)
Jewellery
 C - the ring of Rivuocu (left branch) {rN+ MR+ Int+5}
   (You found it on level 4 of the Dungeon)

   [ring of protection from magic]

   It affects your intelligence (+5).
   It protects you from negative energy.
   It affects your resistance to hostile enchantments.
 D - a ring of fire (right branch)
Wands
 o - a wand of digging (3)
 r - a wand of acid (6)
Scrolls
 b - 7 scrolls of identify
 d - 6 scrolls of remove curse
 e - 3 scrolls of blinking {unknown}
 j - 5 scrolls of immolation {unknown}
 k - a scroll of enchant armour {unknown}
 m - 4 scrolls of random uselessness {unknown}
 n - 3 scrolls of amnesia {unknown}
 v - 3 scrolls of teleportation {unknown}
 w - a scroll of enchant weapon {unknown}
 y - a scroll of magic mapping {unknown}
Potions
 f - 4 potions of heal wounds {unknown}
 g - 3 potions of lignification
 h - 2 potions of haste
 i - 5 potions of curing
 p - 3 potions of magic {unknown}
 q - 4 potions of degeneration {unknown}
 s - 3 potions of might {unknown}
 t - a potion of brilliance {unknown}
 u - 3 potions of mutation
 x - 2 potions of invisibility {unknown}
 A - a potion of agility {unknown}
Comestibles
 c - 16 rations


   Skills:
 + Level 3.3 Fighting
 - Level 6.0 Dodging
 - Level 2.4 Stealth
 + Level 7.5 Spellcasting
 + Level 8.0 Conjurations
 + Level 7.5 Fire Magic
 + Level 0.6 Invocations
 + Level 0.7 Evocations


You had 13 spell levels left.
You knew the following spells:

 Your Spells              Type           Power        Failure   Level  Hunger
a - Flame Tongue          Conj/Fire      #####        1%          1    None
b - Sticky Flame          Conj/Fire      ######..     1%          4    ##.....
c - Fireball              Conj/Fire      ######....   5%          5    ####...

Your spell library contained the following spells:

 Spells                   Type           Power        Failure   Level  Hunger
 Throw Flame              Conj/Fire      ######       1%          2    None
 Conjure Flame            Conj/Fire      ######..     1%          3    None
 Inner Flame              Hex/Fire       #####...     3%          3    None


Dungeon Overview and Level Annotations

Branches:
Dungeon (7/15)             Temple (0/1) D:6

Altars:
Cheibriados
Elyvilon
Gozag
Hepliaklqana
Makhleb
Ru
Sif Muna
Vehumet
The Shining One

Shops:
D:6 !

Annotations:
D:4 Crazy Yiuf
D:5 2 transporters
D:7 Harold


Message History

Press: ? - help, Shift-Dir - straight line, f/p - Harold
Aim: Harold, wielding a +7 hand axe of electrocution and wearing a +0 scale mail (heavily wounded)
You feel a surge of power!
The sticky flame hits Harold.
Harold is severely wounded.
Harold is covered in liquid flames!
Harold burns!
Harold hits you with a +7 hand axe of electrocution.
* * * LOW HITPOINT WARNING * * *
Unknown command.
Unknown command.
You feel better.
Harold burns!
You feel better.
Harold burns!
Harold hits you but does no damage.
Unknown command.
Unknown command.
You hit Harold.
Harold is severely wounded.
Harold burns!
Harold hits you with a +7 hand axe of electrocution!
* * * LOW HITPOINT WARNING * * *
You are electrocuted!
You die...

..##.####...(## ....[
..........###.##..@...
..........# #)(.......
.#######..###.##.#..?.
#........ # .
#...##### #...#
#######@..#
.......♣..#
#######..##
########..#####
#...............
#.######..###### #.#
#..# #.# #..# #.# #..#
#.######..#


You could see Harold (burning).

Vanquished Creatures
  Grinder (D:5)
  A hippogriff (D:7)
  Edmund (D:6)
  A water moccasin (D:5)
  An ice beast (D:5)
  A black bear (D:6)
  2 orc warriors
  2 phantoms
  A sky beast (D:5)
  2 centaurs
  3 ogres
  A gnoll sergeant (D:6)
  2 scorpions
  A howler monkey (D:5)
  2 crimson imps (D:6)
  A bullfrog zombie (D:6)
  2 hounds
  2 orc priests
  2 centaur zombies
  2 human zombies (Ossuary)
  A bullfrog skeleton (D:6)
  2 orc wizards
  An iguana (D:4)
  3 worker ants
  5 mummies (Ossuary)
  6 adders
  A shadow imp (D:7)
  2 adder zombies
  2 oozes
  An adder skeleton (D:5)
  3 worms (D:3)
  A dart slug (D:2)
  2 leopard geckos
  16 orcs
  4 giant cockroaches
  A gnoll zombie (Ossuary)
  10 goblins
  3 hobgoblins
  6 jackals
  5 quokkas
  5 bats
  4 frilled lizards
  A goblin zombie (Ossuary)
  A jackal zombie (D:6)
  4 kobolds
  A kobold zombie (Ossuary)
  A leopard gecko zombie (D:7)
  2 orc zombies (Ossuary)
  A quokka skeleton (D:5)
  A quokka zombie (D:4)
  7 rats
  A rat zombie (D:4)
135 creatures vanquished.

Notes
Turn   | Place    | Note
-------+----------+-------------------------------------------
     0 | D:1      | Hasart the Deep Elf Fire Elementalist began the quest for
                  | the Orb.
     0 | D:1      | Reached XP level 1. HP: 10/10 MP: 6/6
    70 | D:1      | Reached XP level 2. HP: 15/15 MP: 1/8
  1049 | D:2      | Reached skill level 2 in Conjurations
  1256 | D:2      | Found a white marble altar of Elyvilon.
  1420 | D:2      | Reached XP level 3. HP: 19/19 MP: 4/9
  1684 | D:3      | Found a sacrificial altar of Ru.
  1986 | D:3      | Reached XP level 4. HP: 24/24 MP: 5/11
  2156 | D:3      | Found a glowing golden altar of the Shining One.
  2605 | D:3      | Reached skill level 3 in Conjurations
  2752 | D:4      | Reached XP level 5. HP: 13/28 MP: 5/12
  2993 | D:4      | Found a sand-covered staircase.
  3015 | Ossuary  | Entered an ossuary
  3258 | Ossuary  | Reached skill level 5 in Fire Magic
  3417 | Ossuary  | Reached XP level 6. HP: 25/32 MP: 5/14
  3423 | Ossuary  | Learned a level 4 spell: Sticky Flame
  3429 | Ossuary  | Learned a level 5 spell: Fireball
  3487 | Ossuary  | Reached skill level 4 in Conjurations
  4183 | D:4      | Got a serpentine lead ring
  4184 | D:4      | Identified the ring of Rivuocu {rN+ MR+ Int+5} (You found
                  | it on level 4 of the Dungeon)
  4246 | D:4      | Reached skill level 5 in Spellcasting
  4246 | D:4      | Reached XP level 7. HP: 36/36 MP: 7/16
  4338 | D:4      | Found a hazy altar of Hepliaklqana.
  4445 | D:4      | Got a bloodstained mace
  4446 | D:4      | Identified the +1 mace "Fomnus" {freeze, rC+} (You found it
                  | on level 4 of the Dungeon)
  4447 | D:4      | Found a runed translucent door.
  4494 | D:4      | Found a deep blue altar of Sif Muna.
  4502 | D:4      | Became a worshipper of Sif Muna the Loreminder
  4535 | D:4      | Noticed Crazy Yiuf
  4570 | D:5      | Entered Level 5 of the Dungeon
  4585 | D:5      | Reached skill level 5 in Conjurations
  4846 | D:5      | Found a transporter.
  4849 | D:5      | Found a transporter.
  4882 | D:5      | Found a radiant altar of Vehumet.
  4944 | D:5      | Reached skill level 1 in Fighting
  5171 | D:5      | Noticed Grinder
  5174 | D:5      | Killed Grinder
  5174 | D:5      | Reached skill level 5 in Dodging
  5174 | D:5      | Reached skill level 6 in Conjurations
  5174 | D:5      | Reached XP level 8. HP: 44/44 MP: 6/18
  5300 | D:5      | Reached * piety under Sif Muna
  5529 | D:6      | Found a burning altar of Makhleb.
  5537 | D:6      | Identified the +9 whip "Bafaot" {drain, rPois Str+4 Dex+3}
                  | (You found it on level 6 of the Dungeon)
  5572 | D:6      | Noticed Edmund
  5678 | D:6      | Killed Edmund
  5697 | D:6      | Reached skill level 7 in Conjurations
  5750 | D:6      | Found a staircase to the Ecumenical Temple.
  5791 | D:6      | Found Efafo's Distillery.
  5796 | D:6      | Bought a potion of mutation for 120 gold pieces
  5796 | D:6      | Bought a potion of curing for 45 gold pieces
  5796 | D:6      | Bought a potion of lignification for 45 gold pieces
  6162 | D:6      | Found an opulent altar of Gozag.
  6332 | D:6      | Reached ** piety under Sif Muna
  6332 | D:6      | Reached XP level 9. HP: 49/49 MP: 8/21
  6576 | D:6      | Found a snail-covered altar of Cheibriados.
  6769 | D:7      | Found a glowing golden altar of the Shining One.
  7065 | D:7      | Reached skill level 8 in Conjurations
  7067 | D:7      | Noticed Harold
  7068 | D:7      | Found the +7 Kryia's mail coat {PotionHeal*2 rC+}
  7084 | D:7      | HP: 1/51 [Harold/+7 hand axe of electrocution (9)]
  7093 | D:7      | Slain by Harold

Skill      XL: |  1  2  3  4  5  6  7  8  9 |
---------------+----------------------------+-----
Conjurations   | 2 3 4 6 7 8 |  8.0
Fire Magic     | 4 5 6 7 |  7.5
Dodging        | 3 4 5 6 |  6.0
Spellcasting   | 4 5 6 7 |  7.5
Fighting       | 1 2 3 |  3.3
Stealth        | |  2.4
Invocations    | |  0.6
Evocations     | |  0.7

Action                   |  1- 3 |  4- 6 |  7- 9 || total
-------------------------+-------+-------+-------++-------
Melee: Whip              |       |    23 |    24 ||    47
       Short sword       |       |     3 |       ||     3
 Cast: Flame Tongue      |    78 |   112 |    96 ||   286
       Sticky Flame      |       |     5 |    11 ||    16
       Fireball          |       |       |    14 ||    14
  Use: Scroll            |       |       |     2 ||     2
       Potion            |       |       |     5 ||     5
  Eat: Chunk             |     3 |     4 |    12 ||    19
       Ration            |       |     1 |       ||     1
Armor: Robe              |     3 |     4 |     2 ||     9
       Skin              |       |       |     1 ||     1
Dodge: Dodged            |    12 |    55 |    27 ||    94
